 Dungeon Crawl Stone Soup version 0.20-a0-1101-g1de9d76 (webtiles) character file.

183 Alarkh the Chopper (level 5, 41/41 HPs)
             Began as a Demonspawn Berserker on May 4, 2017.
             Was a Follower of Trog.
             Got out of the dungeon alive.
             The game lasted 00:00:50 (1115 turns).

Alarkh the Chopper (Demonspawn Berserker)           Turns: 1115, Time: 00:00:51

Health: 41/41      AC:  6    Str: 17    XL:     5   Next: 35%
Magic:  5/5        EV: 12    Int:  9    God:    Trog [*.....]
Gold:   71         SH:  0    Dex: 13    Spells: 4/4 levels left

rFire    . . .     SeeInvis .   f - +2 hand axe (venom)
rCold    + . .     Gourm    .   (no shield)
rNeg     . . .     Faith    .   b - +0 animal skin
rPois    .         Spirit   .   (no helmet)
rElec    .         Reflect  .   (no cloak)
rCorr    .         Harm     .   (no gloves)
MR       .....                  (no boots)
Stlth    +.........             (no amulet)
Regen    0.2/turn               (no ring)
MPRegen  0.1/turn               (no ring)

@: no status effects
A: hooves 1, icy blue scales 3
a: Berserk, Burn Spellbooks, Renounce Religion


You escaped.
You worshipped Trog.
Trog was aware of your devotion.
You were not hungry.

You visited 1 branch of the dungeon, and saw 2 of its levels.

You collected 71 gold pieces.

Inventory:

Hand Weapons
 a - a +0 hand axe
 f - a +2 hand axe of venom (weapon)
 k - a +2 hand axe of chopping
Armour
 b - a +0 animal skin (worn)
Scrolls
 j - a scroll of identify {unknown}
 m - a scroll of teleportation {unknown}
 n - a scroll of enchant weapon {unknown}
Potions
 d - a potion of flight {unknown}
 e - a potion of heal wounds {unknown}
 g - a potion of curing {unknown}
 h - a potion of lignification {unknown}
 i - a potion of degeneration {unknown}
Comestibles
 c - 2 bread rations
 l - 3 chunks of flesh


   Skills:
 - Level 3.0 Fighting
 + Level 5.5 Axes
 - Level 1.7 Armour
 - Level 1.7 Dodging


You had 4 spell levels left.
You didn't know any spells.

Dungeon Overview and Level Annotations

Branches:
Dungeon (2/15)

Altars:


Innate Abilities, Weirdness & Mutations

You have large cloven feet.
You are completely covered in icy blue scales. (AC +4, rC+)


Message History

You feel your anger subside.
You are no longer berserk.
You are exhausted.
You feel yourself slow down.
You see here a bat corpse.
l - 5 chunks of flesh (gained 1) Eating one of 5 chunks of flesh.
You eat one of the 5 chunks of flesh.
This raw flesh tastes terrible.
Found a stone staircase leading up.
There is a stone staircase leading up here.
You climb upwards.
There is a stone staircase leading down here.
You feel yourself speed up.
HP restored.
You recover from your berserk rage.
There is an open door here.
Eating one of 4 chunks of flesh.
You eat one of the 4 chunks of flesh.
This raw flesh tastes terrible.
There is a staircase leading out of the dungeon here.
Are you sure you want to leave the Dungeon?
This will make you lose the game!
You have escaped!

........#...............#.#
........#.#############.#.#
######..#.#...........#.#.#
#....#.####.####.#.#.#
#..#.#.#.......#.#...#
#..#.#.#.#####.#.#.#.#
#..#.#.#.#...#.#.#.#.#
######..#.#.#.#...#.#.#.#.#
.....#..#.'.#...@.#.#.'.#.#
.....#..#.#.#.#...#.#.#.#.#
.....#..#.#.#.#...#.#.#.#.#
.....#..#.#.#.#####.#.#.#.#
.....+....#.#.......#.#.#.#
.....#..#.#.####.####.#...#
........#.#...........#.###
........#[#############.#
..#+#...#...............#


There were no monsters in sight!

Vanquished Creatures
  Sigmund (D:2)
  2 dart slugs
  A ball python (D:1)
  A giant cockroach (D:1)
  2 goblins (D:1)
  A hobgoblin (D:1)
  2 bats
  2 frilled lizards (D:1)
  4 kobolds (D:1)
  2 rats
18 creatures vanquished.

Notes
Turn   | Place    | Note
-------+----------+-------------------------------------------
     0 | D:1      | Alarkh the Demonspawn Berserker began the quest for the Orb.
     0 | D:1      | Reached XP level 1. HP: 18/18 MP: 1/1
   462 | D:1      | Reached skill level 3 in Axes
   620 | D:1      | Gained mutation: You are partially covered in icy blue scales. (AC +2) [demonic ancestry]
   620 | D:1      | Reached XP level 2. HP: 24/24 MP: 2/2
  1029 | D:2      | Noticed Sigmund
  1037 | D:2      | Killed Sigmund
  1037 | D:2      | Reached skill level 5 in Axes
  1037 | D:2      | Gained mutation: You are mostly covered in icy blue scales. (AC +3) [demonic ancestry]
  1037 | D:2      | Reached XP level 3. HP: 29/29 MP: 3/3
  1037 | D:2      | Gained mutation: You are completely covered in icy blue scales. (AC +4, rC+) [demonic ancestry]
  1037 | D:2      | Reached XP level 4. HP: 35/35 MP: 4/4
  1037 | D:2      | Gained mutation: You have large cloven feet. [demonic ancestry]
  1037 | D:2      | Reached XP level 5. HP: 41/41 MP: 5/5
  1115 | D:$      | Got out of the dungeon alive.

Vault maps used:
D:1:      matt_arrival_refuge
D:2:      uniq_crazy_yiuf_cottage, uniq_sigmund

Skill      XL: |  1  2 |
---------------+-------+-----
Axes           | 3 5 |  5.5
Fighting       | |  3.0
Armour         | |  1.7
Dodging        | |  1.7

Action                   |  1- 3 |  4- 6 || total
-------------------------+-------+-------++-------
Melee: Hand axe          |    44 |       ||    44
Invok: Berserk           |     1 |       ||     1
  Eat: Chunk             |       |     2 ||     2
Armor: Animal skin       |     6 |       ||     6
Dodge: Dodged            |    35 |       ||    35
